 Seeded DCSS version 0.29-a0-582-ge82337ba6a (webtiles) character file.

Game seed: 14215745500859059885 (custom seed)

1 shadowstone the Insei (level 1, 0/13 HPs)
             Began as an Octopode Transmuter on June 15, 2022.
             Slain by a jackal (2 damage)
             ... on level 1 of the Dungeon.
             The game lasted 00:00:14 (57 turns).

shadowstone the Insei (Octopode Transmuter)           Turns: 57, Time: 00:00:14

Health: 0/13       AC:  1    Str:  9    XL:     1   Next: 20%
Magic:  2/3        EV: 13    Int: 15    God:
Gold:   12         SH:  0    Dex: 12    Spells: 3/4 levels left

rFire   . . .      SeeInvis .     - Unarmed
rCold   . . .      Faith    .   (no shield)
rNeg    . . .      Spirit   .   (helmet currently unavailable)
rPois   .          Reflect  .   (no amulet)
rElec   .          Harm     .   (no ring)
rCorr   .          Rampage  .   (no ring)
Will    .....                   (no ring)
Stlth   ++........              (no ring)
HPRegen 0.04/turn               (no ring)
MPRegen 0.08/turn               (no ring)
                                (no ring)
                                (no ring)

@: appendages
A: tentacle spike 3, almost no armour, amphibious, 8 rings, camouflage 1,
gelatinous body 1, (nimble swimmer 1), tentacles
a: End Transformation


You were on level 1 of the Dungeon.
One of your tentacles had grown a beastly spike.
You visited 1 branch of the dungeon, and saw 1 of its levels.

You collected 12 gold pieces.

Inventory:

Missiles
 c - 2 throwing nets
Scrolls
 b - a scroll of identify {unknown}
Potions
 a - a potion of lignification


   Skills:
 + Level 1.0 Fighting
 + Level 2.0 Dodging
 + Level 3.1 Unarmed Combat
 + Level 2.0 Spellcasting
 + Level 2.0 Transmutations


You had 3 spell levels left.
You knew the following spells:

 Your Spells              Type           Power      Damage    Failure   Level
a - Beastly Appendage     Tmut           14%        N/A       10%         1

Your spell library contained the following spells:

 Spells                   Type           Power      Damage    Failure   Level
 Wereblood                Tmut           7%         N/A       14%         2
 Spider Form              Tmut/Pois      4%         N/A       41%         3
 Ice Form                 Ice/Tmut       4%         N/A       82%         4


Dungeon Overview and Level Annotations

Branches:
Dungeon (1/15)

Altars:


Innate Abilities, Weirdness & Mutations

One of your tentacles has grown a beastly spike.
You cannot wear most types of armour.
You are amphibious.
You can wear up to eight rings at the same time.
Your skin changes colour to match your surroundings (Stealth+).
Your rubbery body absorbs attacks. (AC +1, EV +1)
((You are camouflaged when in or above water. (Stealth+)))
You have tentacles for arms and can constrict up to eight enemies at once.


Message History

Press ? for a list of commands and other information.
Found a scroll labelled NEQICZYRCH.
Found a staircase leading out of the dungeon.
You tentacle-slap the bush but do no damage.
You tentacle-slap the bush but do no damage.
You tentacle-slap the bush but do no damage.
You tentacle-slap the bush but do no damage.
You squeeze the bush.
The bush is lightly damaged.
b - a scroll labelled NEQICZYRCH You tentacle-slap the bush.
The bush is lightly damaged.
Found 2 throwing nets.
Found 12 gold pieces.
c - 2 throwing nets
There are no items here.
You now have 12 gold pieces.
You open the door.
A jackal, a frilled lizard, a hobgoblin and an endoplasm come into view.
Found a scroll labelled MOCSOREGGI.
A jackal, a goblin and a frilled lizard come into view.
There is an open door here.
A jackal comes into view.
The frilled lizard hisses angrily.
The goblin shouts!
The frilled lizard bites you.
The jackal barks! x2
The endoplasm quivers.
The hobgoblin shouts!
You tentacle-slap the jackal.
You kill the jackal!
The frilled lizard closely misses you. The jackal closely misses you.
The jackal misses you. The goblin hits you with a +0 club.
The jackal misses you.
You see here a jackal corpse.
One of your tentacles grows a vicious spike.
The jackal bites you. The frilled lizard closely misses you.
The hobgoblin hits you. The goblin hits you with a +0 club.
* * * LOW HITPOINT WARNING * * *
The jackal bites you.
You die...

#........... .........#
#.####.##### .........#
#.# #.# .........# #.#
#.# .........####.# #.#
#..........##.####.#
#..........##.#....# #
#......g...##.#.####.##
#..@lJ.'..#........
#.hgh..####...##.##
......l...# #P...P#
........?..# ##...##
...........# #P...P#
...........# ##...##
.......##### #P...P#
....... ##...## #P.P.P#


You could see an endoplasm, 2 jackals, a hobgoblin, a goblin and 2 frilled
lizards.

Vanquished Creatures
  A jackal (D:1)
1 creature vanquished.

Notes
Turn   | Place    | Note
-------+----------+-------------------------------------------
     0 | D:1      | shadowstone the Octopode Transmuter began the quest for the
                  | Orb.
     0 | D:1      | Reached XP level 1. HP: 13/13 MP: 3/3
    57 | D:1      | Slain by a jackal

Illustrated notes

Levels and vault maps discovered:
D:1:      minmay_arrival_plants_in_alcoves, layout_basic, columned_hall_lemuel

Action                   || total
-------------------------++-------
Melee: Unarmed           ||     6
       Tentacles         ||     1
 Cast: Beastly Appendage ||     1
Dodge: Dodged            ||     5

Table legend: (Time is in decaauts)
 A = Elapsed time spent in this place.
 B = Non-inter-level travel time spent in this place.
 C = Inter-level travel time spent in this place.
 D = Time resting spent in this place.
 E = Time spent auto-exploring this place.
 F = Levels seen in this place.
 G = Mean time per level.
                   A        B        C        D        E       F      G
               +--------+--------+--------+--------+--------+-----+--------+
         Total |     56 |     56 |      0 |      0 |      0 |   1 |   56.0 |
       Dungeon |     56 |     56 |      0 |      0 |      0 |   1 |   56.0 |
               +--------+--------+--------+--------+--------+-----+--------+

Top non-repeatable levels by time:
     D:1: 56 daAuts
